 Dungeon Crawl Stone Soup version 0.30-a0-772-g5528072125 (webtiles) character file.

Game seed: 17850552294266370807

426 porpoise the Sneak (level 6, 0/44 HPs)
             Began as a Gnoll Enchanter on Feb 13, 2023.
             Slain by Grinder (1 damage)
             ... on level 3 of the Dungeon.
             The game lasted 00:12:40 (3312 turns).

porpoise the Sneak (Gnoll Enchanter)                Turns: 3312, Time: 00:12:41

Health: 0/44       AC:  4    Str:  8    XL:     6   Next: 97%
Magic:  9/14       EV: 13    Int: 16    God:
Gold:   166        SH:  0    Dex: 12    Spells: 8/16 levels left

rFire   . . .      SeeInvis .    a - +2 dagger
rCold   . . .      Faith    .    (no shield)
rNeg    . . .      Spirit   .    k - +0 robe
rPois   .          Reflect  .    g - +2 hat
rElec   .          Harm     .    (no cloak)
rCorr   .          Rampage  .    (no gloves)
Will    .....                    (no boots)
Stlth   +++                      (no amulet)
HPRegen 0.27/turn                (no ring)
MPRegen 0.14/turn                (no ring)

@: no status effects
A: fangs 1, strong nose, distributed training
a: no special abilities


You were on level 3 of the Dungeon.
You visited 1 branch of the dungeon, and saw 6 of its levels.

You collected 166 gold pieces.

Inventory:

Hand Weapons
 a - a +2 dagger (weapon)
 b - a +0 spear of venom
 e - a +1 falchion of holy wrath
Missiles
 m - 3 boomerangs (quivered)
 n - 6 silver boomerangs
 q - 3 atropa-tipped darts
Armour
 g - a +2 hat (worn)
 k - a +0 robe (worn)
Jewellery
 j - an amulet of magic regeneration
Scrolls
 f - a scroll of enchant weapon
 l - a scroll of torment
 r - a scroll of amnesia {unknown}
Potions
 c - 3 potions of invisibility
 h - 3 potions of curing
 i - a potion of lignification
 o - a potion of heal wounds
 p - a potion of cancellation {unknown}


   Skills:
 + Level 2.2 Fighting
 + Level 3.4 Short Blades
 + Level 2.2 Long Blades
 + Level 2.2 Axes
 + Level 2.2 Maces & Flails
 + Level 2.2 Polearms
 + Level 2.2 Staves
 + Level 2.2 Ranged Weapons
 + Level 2.2 Throwing
 + Level 2.2 Armour
 + Level 5.1 Dodging
 + Level 6.4 Stealth
 + Level 2.2 Shields
 + Level 2.2 Unarmed Combat
 + Level 5.5 Spellcasting
 + Level 1.8 Conjurations
 + Level 5.7 Hexes
 + Level 1.8 Summonings
 + Level 1.8 Necromancy
 + Level 1.8 Translocations
 + Level 1.8 Transmutations
 + Level 1.8 Fire Magic
 + Level 1.8 Ice Magic
 + Level 1.8 Air Magic
 + Level 1.8 Earth Magic
 + Level 1.8 Poison Magic
 + Level 2.5 Invocations
 + Level 2.2 Evocations


You had 8 spell levels left.
You knew the following spells:

 Your Spells              Type           Power      Damage    Failure   Level
a - Confusing Touch       Hex            22%        N/A       4%          3
e - Ensorcelled Hibernat  Hex/Ice        32%        N/A       4%          2
t - Tukima's Dance        Hex            22%        N/A       4%          3

Your spell library contained the following spells:

 Spells                   Type           Power      Damage    Failure   Level
 Sting                    Tmut/Pois      40%        1d5       7%          1
 Dazzling Flash           Conj/Hex       32%        N/A       9%          3
 Poisonous Vapours        Pois/Air       20%        N/A       11%         2
 Sublimation of Blood     Necr           10%        N/A       11%         2
 Hailstorm                Conj/Ice       10%        3d5       21%         3
 Ice Form                 Ice/Tmut       10%        N/A       56%         4
 Olgreb's Toxic Radiance  Pois           10%        N/A       56%         4
 Petrify                  Tmut/Erth      10%        N/A       56%         4
 Irradiate                Conj/Tmut      5%         3d13      88%         5
 Simulacrum               Ice/Necr       5%         N/A       100%        6


Dungeon Overview and Level Annotations

Branches:
Dungeon (6/15)
 Temple: D:4-7

Altars:
Cheibriados
Qazlal

Shops:
D:5 :   D:6 **

Annotations:
D:3 Grinder


Innate Abilities, Weirdness & Mutations

You have very sharp teeth.
Your uncanny sense of smell can sniff out nearby items.
Your experience applies equally to all skills.


Message History

The bat barely misses you.
You hit Grinder.
Grinder is heavily wounded.
The bat misses you.
You hit Grinder but do no damage.
Grinder is heavily wounded.
The bat barely misses you. The bat hits you but does no damage.
You closely miss the adder.
The adder is lightly wounded.
The bat hits you but does no damage. The adder completely misses you.
The bat closely misses you. Grinder barely misses you.
You barely miss Grinder.
Grinder is heavily wounded.
Grinder seems less confused.
The bat closely misses you. Grinder barely misses you.
You hit Grinder.
Grinder is heavily wounded.
The bat barely misses you. Grinder hits you but does no damage.
Casting: Tukima's Dance (dangerous; 4% risk of failure)
Confirm with . or Enter, or press ? or * to list all spells.
Your hands begin to glow red.
The bat closely misses you. Grinder hits you.
You writhe in agony.
You hit Grinder but do no damage.
Grinder is heavily wounded.
Grinder hits you.
* * * LOW HITPOINT WARNING * * *
The bat misses you. The adder closely misses you.
You hit Grinder but do no damage. Your bite misses Grinder.
Grinder is heavily wounded.
The bat closely misses you. The bat hits you but does no damage.
Grinder closely misses you.
You hit Grinder but do no damage.
Grinder appears confused.
Grinder is heavily wounded.
The bat hits you but does no damage.
You miss the bat. The bat closely misses you.
The adder closely misses the bat.
Grinder hits you!
* * * LOW HITPOINT WARNING * * *
You writhe in agony.
You die...

######### #.......#
#.......######
##.......##...
#........##.####
#...............
#........##.##..
####........##.##..
#5@b.S.†........#..
#.##..####.###.##..
#. #..# #.# ......
#. #..# #.# ######
#. #..# #.# #. #..#
#. .... . #. .#.# .
..#.#


You could see Grinder (confused), an adder (confused) and a bat.

Vanquished Creatures
  A bullfrog (D:6)
  A scorpion (D:4)
  2 howler monkeys
  A hound (D:6)
  2 orc wizards (D:6)
  5 gnolls (D:2)
  3 adders
  A worm (D:2)
  4 orcs (D:6)
  3 endoplasms
  4 giant cockroaches (D:2)
  4 goblins
  8 hobgoblins
  2 jackals (D:2)
  3 kobolds
  3 quokkas
  4 ball pythons
  8 bats
  3 frilled lizards
  10 rats
72 creatures vanquished.

Vanquished Creatures (others)
  2 plants (D:5)
2 creatures vanquished.

Grand Total: 74 creatures vanquished

Notes
Turn   | Place    | Note
-------+----------+-------------------------------------------
     0 | D:1      | porpoise the Gnoll Enchanter began the quest for the Orb.
     0 | D:1      | Reached XP level 1. HP: 13/13 MP: 6/6
   473 | D:1      | Reached XP level 2. HP: 17/19 MP: 7/7
   477 | D:1      | Learned a level 2 spell: Ensorcelled Hibernation
  1233 | D:2      | Reached skill level 5 in Spellcasting
  1233 | D:2      | Reached XP level 3. HP: 25/25 MP: 7/9
  1237 | D:2      | Learned a level 3 spell: Confusing Touch
  1241 | D:2      | Learned a level 3 spell: Tukima's Dance
  1257 | D:2      | Found a snail-covered altar of Cheibriados.
  1346 | D:2      | Reached skill level 6 in Stealth
  1382 | D:2      | Reached skill level 1 in Invocations
  1464 | D:2      | Reached skill level 1 in Fighting
  1464 | D:2      | Reached skill level 1 in Long Blades
  1464 | D:2      | Reached skill level 1 in Axes
  1464 | D:2      | Reached skill level 1 in Maces & Flails
  1464 | D:2      | Reached skill level 1 in Polearms
  1464 | D:2      | Reached skill level 1 in Staves
  1464 | D:2      | Reached skill level 1 in Ranged Weapons
  1464 | D:2      | Reached skill level 1 in Throwing
  1464 | D:2      | Reached skill level 1 in Armour
  1464 | D:2      | Reached skill level 1 in Shields
  1464 | D:2      | Reached skill level 1 in Unarmed Combat
  1464 | D:2      | Reached skill level 1 in Evocations
  1511 | D:2      | Reached XP level 4. HP: 27/32 MP: 4/11
  1737 | D:2      | Reached skill level 1 in Conjurations
  1737 | D:2      | Reached skill level 1 in Summonings
  1737 | D:2      | Reached skill level 1 in Necromancy
  1737 | D:2      | Reached skill level 1 in Translocations
  1737 | D:2      | Reached skill level 1 in Transmutations
  1737 | D:2      | Reached skill level 1 in Fire Magic
  1737 | D:2      | Reached skill level 1 in Ice Magic
  1737 | D:2      | Reached skill level 1 in Air Magic
  1737 | D:2      | Reached skill level 1 in Earth Magic
  1737 | D:2      | Reached skill level 1 in Poison Magic
  2281 | D:2      | Reached XP level 5. HP: 37/37 MP: 4/12
  2628 | D:3      | You fall into a shaft and drop 3 floors!
  2628 | D:6      | Found Byzup's Gadget Gallery.
  2736 | D:6      | Reached XP level 6. HP: 33/44 MP: 5/13
  2899 | D:6      | Found a stormy altar of Qazlal.
  2901 | D:6      | Noticed a fire elemental
  2902 | D:6      | Noticed a water elemental
  2902 | D:6      | Noticed an air elemental
  2974 | D:6      | Reached skill level 5 in Dodging
  3009 | D:6      | Noticed a steam dragon
  3094 | D:6      | Found Agouduiz's General Store.
  3104 | D:5      | Entered Level 5 of the Dungeon
  3104 | D:5      | Found Ympik's Book Boutique.
  3280 | D:3      | Noticed Grinder
  3283 | D:3      | Paralysed by Grinder for 4 turns
  3312 | D:3      | HP: 1/44 [Grinder (8)]
  3312 | D:3      | Slain by Grinder

Illustrated notes

Levels and vault maps discovered:
D:1:      tekkud_arrival_beachfront_property, layout_loops_corners,
          minmay_tetromino_o4
D:2:      wad_river_or_something, layout_rooms, basic_altar, minmay_unequal
D:3:      layout_loops_ring, uniq_terence, uniq_grinder, uniq_ijyb
D:4:      layout_basic, zin_statuary, amethyst_overflow_temple_binary,
          uniq_sigmund
D:5:      nicolae_cairo_tiling_large_dashed, layout_rooms,
          mainiacjoe_overflow_catch_the_wave, serial_shops, shop,
          nicolae_ossuary_entry_ruins
D:6:      layout_loops_ring, nicolae_qazlal_style_of_elements,
          grunt_ministairs_2, kennysheep_big_empty_room,
          dreamdust_princess_bridge, nicolae_inconvenience_store,
          nicolae_shop_gadgets

Skill      XL: |  1  2  3  4  5  6 |
---------------+-------------------+-----
Spellcasting   | 5 |  5.5
Stealth        | 6 |  6.4
Invocations    | 1 2 |  2.5
Fighting       | 1 2 |  2.2
Long Blades    | 1 2 |  2.2
Axes           | 1 2 |  2.2
Maces & Flails | 1 2 |  2.2
Polearms       | 1 2 |  2.2
Staves         | 1 2 |  2.2
Ranged Weapons | 1 2 |  2.2
Throwing       | 1 2 |  2.2
Armour         | 1 2 |  2.2
Shields        | 1 2 |  2.2
Unarmed Combat | 1 2 |  2.2
Evocations     | 1 2 |  2.2
Conjurations   | 1 |  1.8
Summonings     | 1 |  1.8
Necromancy     | 1 |  1.8
Translocations | 1 |  1.8
Transmutations | 1 |  1.8
Fire Magic     | 1 |  1.8
Ice Magic      | 1 |  1.8
Air Magic      | 1 |  1.8
Earth Magic    | 1 |  1.8
Poison Magic   | 1 |  1.8
Short Blades   | 3 |  3.4
Dodging        | 5 |  5.1
Hexes          | |  5.7

Action                     |  1- 3 |  4- 6 || total
---------------------------+-------+-------++-------
  Melee: Dagger            |    63 |   142 ||   205
         Bite              |     5 |    12 ||    17
         Spear             |    10 |       ||    10
         Punch             |     1 |     3 ||     4
   Cast: Ensorcelled Hiber |    14 |    20 ||    34
         Confusing Touch   |     1 |    15 ||    16
    Use: Scroll            |       |     7 ||     7
         Potion            |       |     1 ||     1
   Stab: Sleeping          |    17 |    19 ||    36
         Confused          |     1 |    10 ||    11
         Distracted        |     1 |       ||     1
 Armour: Robe              |    13 |    26 ||    39
  Dodge: Dodged            |    37 |    82 ||   119

Table legend: (Time is in decaauts)
 A = Elapsed time spent in this place.
 B = Non-inter-level travel time spent in this place.
 C = Inter-level travel time spent in this place.
 D = Time resting spent in this place.
 E = Time spent auto-exploring this place.
 F = Levels seen in this place.
 G = Mean time per level.
                   A        B        C        D        E       F      G
               +--------+--------+--------+--------+--------+-----+--------+
         Total |   3296 |   3254 |     42 |   1178 |   1147 |   6 |  549.3 |
       Dungeon |   3296 |   3254 |     42 |   1178 |   1147 |   6 |  549.3 |
               +--------+--------+--------+--------+--------+-----+--------+

Top non-repeatable levels by time:
     D:2: 1309 daAuts
     D:1: 1236 daAuts
     D:6: 468 daAuts
     D:3: 166 daAuts
     D:4: 76 daAuts
     D:5: 39 daAuts
